AoeStats
← killinserotonin

Arena

509806470Analyzed
4v4 RM · 4d ago on Sep 28, 2026· 59m 7s· 8 players
Game mode
Random Map
Map size
Large (8 player)
Population
200
Speed
Normal
Resources
Standard
Victory
Conquest
Starting age
Dark Age
Ending age
Imperial Age
RankedLock teamsTeams togetherTeam positionsShared explorationLock speedFull tech treeHidden civsTurbo modeCheats
Victory
Defeat
🇺🇸 Turks · United States
1090
+14
🇨🇴 Persians · Colombia
1035
+16
🇱🇰 Japanese · Sri Lanka
1020
+32
🇦🇺 Italians · Australia
984
+18
🇺🇸 Khmer · United States
1187
-23
🇺🇸 Teutons · United States
1157
-21
🇺🇸 Romans · United States
912
-11
🇺🇸 Danes · United States
878
-10
Fettig15
11:29 Feudal Age
15:06 Castle Age
13:39 Double-Bit Axe
13:48 Horse Collar
23:25 Wheelbarrow
24:16 Heavy Plow
24:31 Bow Saw
29:13 Imperial Age
26:32 Loom
26:41 Gold Mining
27:29 Scale Barding Armor
27:35 Forging
28:16 Bloodlines
28:50 Chain Barding Armor
29:49 Iron Casting
29:48 Hand Cart
29:42 Cavalier
31:34 Crop Rotation
30:59 Stone Mining
31:37 Paladin
33:11 Plate Barding Armor
34:13 Scale Mail Armor
35:15 Blast Furnace
35:23 Conscription
37:27 Scale Mail Armor
38:45 Chemistry
37:52 Siege Engineers
37:58 Fortified Wall
38:10 Ballistics
37:44 Fletching
38:39 Hoardings
39:51 Pikeman
40:33 Squires
43:50 Bodkin Arrow
43:29 Halberdier
45:01 Chain Mail Armor
46:21 Gambesons
46:23 Arson
48:49 Plate Mail Armor
Jockoh42
11:48 Feudal Age
16:29 Castle Age
14:48 Double-Bit Axe
19:37 Horse Collar
24:04 Gold Mining
25:41 Pikeman
26:22 Squires
27:46 Loom
28:54 Husbandry
46:50 Man-at-Arms
51:05 Wheelbarrow
Nite_Hawk88
7:24 Loom
11:42 Feudal Age
17:03 Castle Age
26:37 Horse Collar
36:41 Gold Mining
36:49 Stone Mining
40:04 Wheelbarrow
40:22 Fletching
40:33 Padded Archer Armor
41:14 Crossbowman
42:16 Leather Archer Armor
43:20 Thumb Ring
44:45 Scale Mail Armor
44:49 Gambesons
45:05 Squires
45:37 Pikeman
47:12 Scale Barding Armor
48:20 Forging
48:52 Double-Bit Axe
52:03 Elite Skirmisher
53:05 Bodkin Arrow
Pandaofpeace93
11:46 Feudal Age
14:42 Castle Age
12:49 Double-Bit Axe
13:01 Horse Collar
15:33 Bow Saw
16:20 Heavy Plow
23:22 Gold Mining
23:23 Stone Mining
24:38 Wheelbarrow
24:57 Gold Shaft Mining
25:51 Hand Cart
25:22 Loom
27:04 Stone Shaft Mining
29:24 Imperial Age
27:04 Scale Barding Armor
27:34 Forging
28:42 Chain Barding Armor
28:57 Iron Casting
28:54 Bloodlines
29:29 Husbandry
29:27 Elite Battle Elephant
30:45 Plate Barding Armor
31:10 Blast Furnace
32:01 Tusk Swords
32:27 Conscription
34:51 Crop Rotation
39:20 Double Crossbow
39:58 Heavy Scorpion
42:00 Chemistry
41:22 Ballistics
42:42 Siege Engineers
42:18 Light Cavalry
45:40 Hussar
52:48 Fletching
Graw
10:45 Feudal Age
15:44 Castle Age
14:10 Double-Bit Axe
15:00 Horse Collar
17:57 Wheelbarrow
20:04 Scale Mail Armor
20:04 Gambesons
20:20 Squires
20:14 Arson
20:39 Man-at-Arms
21:19 Loom
22:10 Long Swordsman
23:16 Heavy Plow
24:28 Gold Mining
24:30 Stone Mining
26:49 Hand Cart
27:41 Chain Mail Armor
28:15 Fletching
29:22 Forging
32:30 Ballistics
32:01 Guard Tower
32:08 Murder Holes
32:24 Masonry
31:54 Treadmill Crane
32:14 Bodkin Arrow
32:55 Iron Casting
33:21 Town Watch
33:39 Padded Archer Armor
34:33 Yasama
34:30 Pikeman
38:11 Imperial Age
38:18 Halberdier
39:01 Padded Archer Armor
39:35 Plate Mail Armor
40:06 Blast Furnace
41:46 Caravan
44:09 Keep
43:19 Arrowslits
44:35 Chemistry
44:49 Gold Shaft Mining
52:13 Onager
killinserotonin
13:03 Feudal Age
13:43 Double-Bit Axe
17:16 Castle Age
16:11 Gold Mining
22:02 Imperial Age
23:17 Padded Archer Armor
24:04 Loom
25:56 Wheelbarrow
30:01 Town Watch
30:57 Stone Mining
30:50 Crossbowman
32:52 Hand Cart
33:08 Bow Saw
37:25 Horse Collar
43:53 Artillery
44:14 Conscription
48:35 Leather Archer Armor
48:25 Scale Barding Armor
48:11 Fletching
48:31 Forging
51:49 Bloodlines
51:39 Husbandry
54:35 Caravan
57:11 Chain Barding Armor
57:22 Ring Archer Armor
57:28 Iron Casting
Jan_Rui
10:37 Feudal Age
11:05 Feudal Age
12:52 Wheelbarrow
17:01 Castle Age
15:17 Double-Bit Axe
15:39 Horse Collar
16:16 Stone Mining
16:46 Gold Mining
19:30 Loom
25:42 Scale Barding Armor
25:47 Forging
26:51 Chain Barding Armor
27:31 Husbandry
27:41 Bloodlines
28:22 Forging
29:31 Heavy Plow
29:41 Bow Saw
31:27 Bloodlines
33:51 Gold Shaft Mining
37:33 Imperial Age
35:19 Hand Cart
34:50 Town Watch
37:12 Heavy Camel Rider
39:12 Iron Casting
39:19 Plate Barding Armor
39:10 Conscription
42:23 Cavalier
44:10 Town Patrol
45:14 Two-Man Saw
44:45 Crop Rotation
45:17 Blast Furnace
43:39 Savar
47:30 Fletching
48:48 Capped Ram
50:56 Siege Ram
59:40 Coinage
Aquillo
11:09 Feudal Age
14:41 Castle Age
12:37 Stone Mining
13:13 Loom
13:21 Double-Bit Axe
14:08 Horse Collar
18:21 Gold Mining
25:18 Imperial Age
23:08 Fletching
23:42 Heavy Plow
23:37 Town Watch
24:36 Bow Saw
26:25 Wheelbarrow
25:55 Bodkin Arrow
27:33 Crop Rotation
27:55 Bracer
28:37 Padded Archer Armor
29:36 Hand Cart
29:43 Elite Genoese Crossbowman
33:43 Two-Man Saw
33:04 Leather Archer Armor
33:40 Ballistics
34:21 Chemistry
33:02 Treadmill Crane
33:18 Murder Holes
33:34 Masonry
33:37 Fortified Wall
34:02 Husbandry
34:13 Bloodlines
33:24 Cavalier
34:47 Forging
35:08 Ring Archer Armor
34:43 Scale Barding Armor
35:48 Squires
35:34 Arson
35:47 Pikeman
39:41 Thumb Ring
40:26 Iron Casting
40:12 Chain Barding Armor
41:43 Town Patrol
42:54 Blast Furnace
42:53 Plate Barding Armor
44:01 Fervor
44:12 Sanctity
46:56 Architecture
48:45 Stone Shaft Mining
48:22 Light Cavalry
51:34 Bombard Tower
51:31 Scale Mail Armor
52:49 Elite Skirmisher
53:49 Chain Mail Armor
Connection lost

Rejoining the realm…

Still unreachable

The connection could not be restored.

Session expired

The server has moved on; the page needs a fresh start.